 Dungeon Crawl Stone Soup version 0.31-a0-175-g9f7f995f2b (webtiles) character file.

Game seed: 5116228371220190634

543 qw the Shooter (level 7, -2/64 HPs)
             Began as a Naga Hunter on June 16, 2023.
             Killed from afar by Dowan (5 damage)
             ... with a puff of flame
             ... on level 5 of the Dungeon.
             The game lasted 00:01:28 (3301 turns).

qw the Shooter (Naga Hunter)                        Turns: 3301, Time: 00:01:28

Health: -2/64      AC:  7    Str: 14    XL:     7   Next: 27%
Magic:  7/7        EV: 14    Int:  9    God:
Gold:   272        SH:  0    Dex: 16    Spells: 6/6 levels left

rFire   . . .        Y - +0 shortbow
rCold   . . .        (shield currently unavailable)
rNeg    . . .        c - +0 leather armour
rPois   +            (no helmet)
rElec   .            (no cloak)
rCorr   .            (no gloves)
SInv    +            (no barding)
Will    .....        (no amulet)
Stlth   ++           i - +4 ring of protection
HPRegen 0.30/turn    e - +5 ring of evasion
MPRegen 0.10/turn

%: no passive effects
@: short of breath, very slow
A: AC +2, large, see invisible, deformed body, poison resistance, slowness 2,
spit poison 1, naga tail 1
a: Spit Poison


You were on level 5 of the Dungeon.
You visited 1 branch of the dungeon, and saw 5 of its levels.

You collected 272 gold pieces.


Innate Abilities, Weirdness & Mutations

Your serpentine skin is tough. (AC +2)
You have supernaturally acute eyesight. (SInv)
Armour fits poorly on your strangely shaped body.
Your system is resistant to poisons. (rPois)
You cover ground very slowly.
You can spit poison.
You have a snake-like lower body.


   Skills:
 - Level 4.2 Fighting
 - Level 7.0 Ranged Weapons
 + Level 1.5 Dodging
 - Level 1.5 Stealth


You had 6 spell levels left.
You didn't know any spells.
Your spell library was empty.

Inventory:

Hand Weapons
 Y - a +0 shortbow (weapon)
Armour
 c - a +0 leather armour (worn)
Jewellery
 e - a +5 ring of evasion (right hand)
 i - a +4 ring of protection (left hand)
Scrolls
 b - a scroll of identify
Potions
 f - a potion of mutation
 g - a potion of haste
 j - a potion of berserk rage {unknown}

Dungeon Overview and Level Annotations

Branches:
Dungeon (5/15)
 Temple: D:4-7

Altars:
Xom

Shops:
D:5 =

Annotations:
D:3 1 runed translucent door, Crazy Yiuf
D:5 Dowan


Message History

Duvessa says, "Practise, practise, practise!
One day you'll be as good as me." Duvessa barely misses you.
Dowan casts a spell at you. The puff of flame misses you.
You shoot an arrow. The arrow hits Duvessa.
Duvessa is severely wounded.
Duvessa hits you but does no damage.
Dowan zaps a wand.
The puff of flame hits you.
You shoot an arrow. The arrow hits Duvessa.
Duvessa is almost dead.
Duvessa hits you with a +0 short sword. Duvessa barely misses you.
You shoot an arrow. The arrow hits Duvessa.
Duvessa is almost dead.
Duvessa hits you with a +0 short sword.
Dowan says, "Magic and the sword, together, will defeat you."
Dowan closely misses you.
Duvessa gestures with her weapon.
Duvessa hits you with a +0 short sword.
You shoot an arrow. The arrow hits Duvessa!
You kill Duvessa!
Dowan screams, "No!
No!"
Dowan seems to find hidden reserves of power!
Dowan zaps a wand.
The puff of flame misses you. Dowan casts a spell at you.
The stone arrow hits you!
Your Ranged Weapons skill increases to level 7!
You shoot an arrow. The arrow hits Dowan.
Dowan is lightly wounded.
You have got your breath back.
Dowan hits you with a +0 dagger.
3300 ||| INVOKING Spit Poison.
Aiming: Spit Poison (1% risk of failure)
Press: ? - help, Shift-Dir - straight line, f/p - Dowan The splash of poison misses Dowan.
Dowan barely misses you. Dowan closely misses you.
You shoot an arrow.
The arrow hits Dowan but does no damage.
Dowan is lightly wounded.
Dowan zaps a wand.
The puff of flame hits you.
You die...

#.........##...#.#..#
#.....###.##....#...#
#..#### #.########
#..#### #.# #.....#
#.# ########.###.#
#.# .....!...# .# #)#
########.###e###<#
#...@)....#
#####.######.########
.# #......... .#
########... ..
.......<.## ##
##########


You could see Dowan (fast).

Vanquished Creatures
  Duvessa (D:5)
  A gnoll bouda (D:5)
  A jelly (D:3)
  2 iguanas (D:4)
  Terence (D:3)
  An orc wizard (D:3)
  15 gnolls
  3 adders
  4 dart slugs
  4 orcs
  8 endoplasms
  4 giant cockroaches
  A goblin (D:1)
  7 hobgoblins
  5 jackals
  7 quokkas
  5 ball pythons
  7 bats
  4 frilled lizards
  11 kobolds
  5 rats
97 creatures vanquished.

Notes
Turn   | Place    | Note
-------+----------+-------------------------------------------
     0 | D:1      | qw the Naga Hunter began the quest for the Orb.
     0 | D:1      | Reached XP level 1. HP: 19/19 MP: 1/1
     0 | D:1      | 0 ||| qw: Version: 0.2-a-29-g511e9b1
     0 | D:1      | 0 ||| qw: Game counter: 14
     0 | D:1      | 0 ||| qw: Always use a shield: true
     0 | D:1      | 0 ||| qw: God list: Okawaru
     0 | D:1      | 0 ||| qw: Allow faded altars: false
     0 | D:1      | 0 ||| qw: Do Orc after D:15 true
     0 | D:1      | 0 ||| qw: Do second Lair branch before Depths: true
     0 | D:1      | 0 ||| qw: Lair rune preference: random
     0 | D:1      | 0 ||| qw: Plans: Normal
     0 | D:1      | 0 ||| PLANNING D:1-11
    18 | D:1      | 18 ||| INVOKING Spit Poison.
    21 | D:1      | 21 ||| INVOKING Spit Poison.
    28 | D:1      | 28 ||| INVOKING Spit Poison.
    29 | D:1      | 29 ||| INVOKING Spit Poison.
    67 | D:1      | 67 ||| INVOKING Spit Poison.
   141 | D:1      | 141 ||| INVOKING Spit Poison.
   150 | D:1      | 150 ||| INVOKING Spit Poison.
   151 | D:1      | Reached skill level 4 in Ranged Weapons
   151 | D:1      | Reached XP level 2. HP: 20/26 MP: 2/2
   153 | D:1      | 153 ||| INVOKING Spit Poison.
   195 | D:1      | 195 ||| INVOKING Spit Poison.
   199 | D:1      | 199 ||| INVOKING Spit Poison.
   227 | D:1      | 227 ||| INVOKING Spit Poison.
   228 | D:1      | 228 ||| INVOKING Spit Poison.
   233 | D:1      | 233 ||| INVOKING Spit Poison.
   237 | D:1      | 237 ||| INVOKING Spit Poison.
   244 | D:1      | 244 ||| INVOKING Spit Poison.
   314 | D:1      | 314 ||| INVOKING Spit Poison.
   362 | D:1      | 362 ||| INVOKING Spit Poison.
   387 | D:1      | 387 ||| INVOKING Spit Poison.
   431 | D:1      | Reached XP level 3. HP: 32/32 MP: 3/3
   442 | D:1      | 442 ||| INVOKING Spit Poison.
   497 | D:1      | 497 ||| INVOKING Spit Poison.
   602 | D:1      | 602 ||| INVOKING Spit Poison.
   608 | D:1      | 608 ||| INVOKING Spit Poison.
   613 | D:1      | 613 ||| INVOKING Spit Poison.
   616 | D:1      | 616 ||| INVOKING Spit Poison.
   736 | D:1      | 736 ||| UPGRADING to +4 ring of protection.
   737 | D:1      | 737 ||| READING scroll labelled JAAMOXOIZI.
   738 | D:1      | 738 ||| READING scroll labelled XOMNAU GIOT.
   739 | D:1      | 739 ||| READING scroll labelled OLIGIHI FORINK.
   740 | D:1      | 740 ||| DROPPING scroll of butterflies.
   796 | D:2      | 796 ||| INVOKING Spit Poison.
   815 | D:2      | 815 ||| INVOKING Spit Poison.
   819 | D:2      | 819 ||| INVOKING Spit Poison.
   824 | D:2      | 824 ||| INVOKING Spit Poison.
   825 | D:2      | Reached skill level 5 in Ranged Weapons
   825 | D:2      | Reached XP level 4. HP: 33/39 MP: 4/4
   958 | D:2      | 958 ||| INVOKING Spit Poison.
   970 | D:2      | 970 ||| INVOKING Spit Poison.
   976 | D:2      | 976 ||| INVOKING Spit Poison.
   982 | D:2      | 982 ||| INVOKING Spit Poison.
  1051 | D:2      | 1051 ||| INVOKING Spit Poison.
  1075 | D:2      | 1075 ||| INVOKING Spit Poison.
  1214 | D:2      | 1214 ||| INVOKING Spit Poison.
  1220 | D:2      | 1220 ||| INVOKING Spit Poison.
  1298 | D:2      | 1298 ||| INVOKING Spit Poison.
  1366 | D:2      | 1366 ||| UPGRADING to +5 ring of evasion.
  1367 | D:2      | 1367 ||| READING scroll labelled LAGUMU ZI IFY.
  1368 | D:2      | 1368 ||| READING scroll labelled OHYATE ZUNN.
  1369 | D:2      | 1369 ||| READING scroll labelled TULOSHIALI.
  1370 | D:2      | 1370 ||| READING scroll labelled TOYRAM BOIR.
  1406 | D:3      | 1406 ||| INVOKING Spit Poison.
  1410 | D:3      | 1410 ||| INVOKING Spit Poison.
  1447 | D:3      | 1447 ||| INVOKING Spit Poison.
  1452 | D:3      | Reached skill level 3 in Fighting
  1475 | D:3      | 1475 ||| INVOKING Spit Poison.
  1477 | D:3      | 1477 ||| Stepping ~*~*~tactically~*~*~ (outnumbered).
  1481 | D:3      | 1481 ||| INVOKING Spit Poison.
  1483 | D:3      | 1483 ||| Stepping ~*~*~tactically~*~*~ (outnumbered).
  1484 | D:3      | 1484 ||| INVOKING Spit Poison.
  1490 | D:3      | 1490 ||| INVOKING Spit Poison.
  1500 | D:3      | 1500 ||| INVOKING Spit Poison.
  1501 | D:3      | Reached XP level 5. HP: 28/49 MP: 5/5
  1631 | D:3      | 1631 ||| INVOKING Spit Poison.
  1635 | D:3      | 1635 ||| INVOKING Spit Poison.
  1639 | D:3      | 1639 ||| INVOKING Spit Poison.
  1644 | D:3      | 1644 ||| INVOKING Spit Poison.
  1654 | D:3      | 1654 ||| INVOKING Spit Poison.
  1695 | D:3      | Found a shimmering altar of Xom.
  1715 | D:3      | 1715 ||| INVOKING Spit Poison.
  1721 | D:3      | 1721 ||| INVOKING Spit Poison.
  1748 | D:3      | 1748 ||| INVOKING Spit Poison.
  1794 | D:3      | 1794 ||| INVOKING Spit Poison.
  1809 | D:3      | 1809 ||| INVOKING Spit Poison.
  1890 | D:3      | Noticed Terence
  1892 | D:3      | 1892 ||| INVOKING Spit Poison.
  1897 | D:3      | 1897 ||| INVOKING Spit Poison.
  1902 | D:3      | Killed Terence
  1903 | D:3      | Reached skill level 6 in Ranged Weapons
  1977 | D:3      | Found a runed translucent door.
  1978 | D:3      | Noticed Crazy Yiuf
  2095 | D:3      | 2095 ||| INVOKING Spit Poison.
  2098 | D:3      | 2098 ||| INVOKING Spit Poison.
  2140 | D:3      | 2140 ||| READING 3 scrolls of identify.
  2140 | D:3      | 2140 ||| IDENTIFYING puce potion
  2141 | D:3      | 2141 ||| READING 2 scrolls of identify.
  2141 | D:3      | 2141 ||| IDENTIFYING viscous green potion
  2142 | D:3      | 2142 ||| DROPPING potion of attraction.
  2170 | D:4      | 2170 ||| INVOKING Spit Poison.
  2175 | D:4      | 2175 ||| INVOKING Spit Poison.
  2179 | D:4      | 2179 ||| INVOKING Spit Poison.
  2185 | D:4      | Reached XP level 6. HP: 35/56 MP: 6/6
  2185 | D:4      | 2185 ||| INVOKING Spit Poison.
  2189 | D:4      | 2189 ||| INVOKING Spit Poison.
  2193 | D:4      | 2193 ||| INVOKING Spit Poison.
  2326 | D:4      | 2326 ||| INVOKING Spit Poison.
  2327 | D:4      | 2327 ||| Stepping ~*~*~tactically~*~*~ (outnumbered).
  2364 | D:4      | 2364 ||| INVOKING Spit Poison.
  2371 | D:4      | 2371 ||| INVOKING Spit Poison.
  2374 | D:4      | 2374 ||| INVOKING Spit Poison.
  2417 | D:4      | 2417 ||| INVOKING Spit Poison.
  2418 | D:4      | 2418 ||| INVOKING Spit Poison.
  2422 | D:4      | 2422 ||| INVOKING Spit Poison.
  2498 | D:4      | 2498 ||| INVOKING Spit Poison.
  2598 | D:4      | 2598 ||| INVOKING Spit Poison.
  2607 | D:4      | 2607 ||| INVOKING Spit Poison.
  2621 | D:4      | 2621 ||| INVOKING Spit Poison.
  2625 | D:4      | 2625 ||| INVOKING Spit Poison.
  2671 | D:4      | 2671 ||| INVOKING Spit Poison.
  2675 | D:4      | 2675 ||| INVOKING Spit Poison.
  2678 | D:4      | 2678 ||| INVOKING Spit Poison.
  2864 | D:4      | 2864 ||| INVOKING Spit Poison.
  2868 | D:4      | 2868 ||| INVOKING Spit Poison.
  2913 | D:4      | 2913 ||| INVOKING Spit Poison.
  2949 | D:4      | 2949 ||| READING scroll labelled ESARCH OMASIDD.
  2953 | D:4      | 2953 ||| DRINKING 2 fuming inky potions.
  2954 | D:4      | 2954 ||| READING 3 scrolls of identify.
  2954 | D:4      | 2954 ||| IDENTIFYING sedimented dark potion
  2955 | D:4      | 2955 ||| READING 2 scrolls of identify.
  2955 | D:4      | 2955 ||| IDENTIFYING fizzy amethyst potion
  2956 | D:4      | 2956 ||| DROPPING potion of lignification.
  2957 | D:4      | 2957 ||| DROPPING potion of enlightenment.
  2970 | D:5      | Entered Level 5 of the Dungeon
  3015 | D:5      | Found Veiwumy's Jewellery Boutique.
  3022 | D:5      | 3022 ||| INVOKING Spit Poison.
  3028 | D:5      | 3028 ||| INVOKING Spit Poison.
  3035 | D:5      | 3035 ||| INVOKING Spit Poison.
  3039 | D:5      | 3039 ||| INVOKING Spit Poison.
  3041 | D:5      | HP: 2/57 [gnoll/+0 halberd[a gnoll bouda] (13)]
  3043 | D:5      | Reached XP level 7. HP: 3/64 MP: 7/7
  3249 | D:5      | 3249 ||| SHOPLISTING +5 ring of evasion (432 gold, have
                  | 258).
  3249 | D:5      | 3249 ||| SHOPLISTING ring of Vextazxa {Fire Dex+3} (459
                  | gold, have 258).
  3249 | D:5      | 3249 ||| SHOPLISTING ring of protection from fire (300
                  | gold, have 258).
  3280 | D:5      | Noticed Duvessa
  3280 | D:5      | Noticed Dowan
  3281 | D:5      | 3281 ||| INVOKING Spit Poison.
  3284 | D:5      | 3284 ||| INVOKING Spit Poison.
  3290 | D:5      | 3290 ||| INVOKING Spit Poison.
  3293 | D:5      | 3293 ||| INVOKING Spit Poison.
  3297 | D:5      | HP: 15/64 [Duvessa/+0 short sword (3)]
  3298 | D:5      | Killed Duvessa
  3298 | D:5      | HP: 4/64 [Dowan/stone arrow (11)]
  3299 | D:5      | Reached skill level 7 in Ranged Weapons
  3300 | D:5      | 3300 ||| INVOKING Spit Poison.
  3301 | D:5      | Killed from afar by Dowan

Levels and vault maps discovered:
D:1:      nicolae_arrival_washed_ashore, layout_loops_cross
D:2:      layout_basic
D:3:      wad_woods_stonehenge, layout_rooms, uniq_crazy_yiuf_cottage,
          uniq_terence
D:4:      layout_loops_ring
D:5:      layout_loops_ring, kennysheep_little_box,
          minmay_temple_entry_glassed_door, serial_shops, nicolae_diamond_shop,
          kennysheep_generic_room_10, uniq_duvessa

Skill      XL: |  1  2  3  4  5  6  7 |
---------------+----------------------+-----
Ranged Weapons | 4 5 6 7 |  7.0
Fighting       | 3 4 |  4.2
Dodging        | |  1.5
Stealth        | |  1.5

Action                     |  1- 3 |  4- 6 |  7- 9 || total
---------------------------+-------+-------+-------++-------
   Fire: Shortbow          |    49 |   191 |    16 ||   256
Ability: Spit Poison       |    26 |    58 |     5 ||    89
    Use: Scroll            |     3 |     9 |       ||    12
         Potion            |       |     1 |       ||     1
 Armour: Leather armour    |     7 |    35 |     4 ||    46
  Dodge: Dodged            |    11 |    98 |    13 ||   122

Table legend:
 A = Non-vault XP
 B = Vault XP
 C = Vault XP percentage of total XP
 D = Non-vault monster count
 E = Vault monster count
 F = Vault count percentage of total count
                 A         B        C        D         E       F
            +---------+---------+-------+---------+---------+-------
      Total |     580 |     197 |  25.4 |      89 |       8 |   8.2
            +---------+---------+-------+---------+---------+-------
        D:1 |      46 |       0 |   0.0 |      25 |       0 |   0.0
        D:2 |     100 |       0 |   0.0 |      21 |       0 |   0.0
        D:3 |     123 |      48 |  28.1 |      19 |       7 |  26.9
        D:4 |     224 |       0 |   0.0 |      20 |       0 |   0.0
        D:5 |      87 |     149 |  63.1 |       4 |       1 |  20.0
            +---------+---------+-------+---------+---------+-------
